 Dungeon Sprint DCSS version 0.24-a0-536-gdd4cf15 (webtiles) character file.

Game seed: 6924644110061162369

65 Faca the Archer (level 3, -1/29 HPs)
             Began as a Centaur Hunter on Aug 12, 2019.
             Was an Initiate of Okawaru.
             Slain by a troll (15 damage)
             ... in the Dungeon (Sprint IX: "|||||||||||||||||||||||||||||").
             The game lasted 00:02:31 (601 turns).

Faca the Archer (Centaur Hunter)                     Turns: 601, Time: 00:02:32

Health: -1/29      AC:  7    Str: 15    XL:     3   Next: 94%
Magic:  3/3        EV: 11    Int: 10    God:    Okawaru [......]
Gold:   0          SH:  0    Dex:  9    Spells: 2/2 levels left

rFire    . . .     SeeInvis .   a - +1 shortbow
rCold    . . .     Gourm    .   (shield currently unavailable)
rNeg     . . .     Faith    .   c - +0 leather armour
rPois    .         Spirit   .   (no helmet)
rElec    .         Reflect  .   (no cloak)
rCorr    .         Harm     .   q - +0 pair of gloves
MR       .....     NoTele   +   (no barding)
Stlth    +.........             (no amulet)
HPRegen  0.09/turn              t - +2 ring of protection
MPRegen  0.08/turn              s - +2 ring of evasion

@: very quick
A: large, hooves 3, deformed body, speed 2, tough skin 3
a: Renounce Religion


You were in the Dungeon.
You worshipped Okawaru.
Okawaru was noncommittal.
You were not hungry.

You visited 1 branch

Inventory:

Hand Weapons
 a - a +1 shortbow (weapon)
 p - a +2 halberd of venom
Missiles
 d - 15 arrows (quivered)
Armour
 c - a +0 leather armour (worn)
 q - a +0 pair of gloves (worn)
 r - a +1 chain mail
Jewellery
 s - a +2 ring of evasion (right hand)
 t - a +2 ring of protection (left hand)
Wands
 o - a wand of acid (10)
Scrolls
 k - 2 scrolls of blinking
 m - 3 scrolls of remove curse
Potions
 b - a potion of invisibility
 e - 5 potions of curing
 g - 3 potions of heal wounds
 h - a potion of haste
 j - a potion of berserk rage
Comestibles
 f - a ration


   Skills:
 - Level 2.0 Fighting
 + Level 11.2 Bows
 - Level 1.3 Dodging
 - Level 0.4 Stealth


You had 2 spell levels left.
You didn't know any spells.
Your spell library was empty.

Dungeon Overview and Level Annotations

Branches:
Dungeon (1/1)

Altars:
Cheibriados
Dithmenos
Elyvilon
Fedhas
Gozag
Hepliaklqana
Kikubaaqudgha
Makhleb
Nemelex Xobeh
Okawaru
Qazlal
Ru
Sif Muna
Trog
Uskayaw
Vehumet
Wu Jian
Xom
Yredelemnul
Zin
The Shining One
Beogh
Jiyva
Lugonu


Innate Abilities, Weirdness & Mutations

You have hooves in place of feet.
Armour fits poorly on your strangely shaped body.
You cover ground very quickly.
You have extremely tough skin. (AC +3)


Message History

The orc is moderately wounded.
Firing (i - inventory)
d - 18 arrows (quivered)
Press: ? - help, Shift-Dir - straight line, f/p - troll
Aim: a troll You shoot an arrow.
The arrow barely misses the troll.
The arrow hits the orc.
The orc is severely wounded.
Firing (i - inventory)
d - 17 arrows (quivered)
Press: ? - help, Shift-Dir - straight line, f/p - troll
Aim: a troll You shoot an arrow.
The arrow closely misses the troll.
The arrow hits the orc.
You kill the orc!
Okawaru accepts your kill.
Firing (i - inventory)
d - 16 arrows (quivered)
Press: ? - help, Shift-Dir - straight line, f/p - troll
Aim: a troll You shoot an arrow.
The arrow hits the troll!
The troll is moderately wounded.
The troll bites you!
Ouch! That really hurt!
You die... ▓▓▓▓▓▓▓▓▓▓▓▓▓▓▓▓▓▓▓▓▓▓▓▓▓▓▓▓▓▓▓▓▓ ....'a...Z)a(S'T@________________ ▓▓▓▓▓▓▓▓▓▓▓▓▓▓▓▓▓▓▓▓▓▓▓▓▓▓▓▓▓▓▓▓▓

You could see a troll, a worker ant, an adder and an adder skeleton.

Vanquished Creatures
  A howler monkey (D)
  An adder (D)
  An adder skeleton (D)
  An adder zombie (D)
  An orc (D)
  2 bat zombies (D)
  A goblin (D)
  A ball python (D)
  A frilled lizard (D)
  2 rats (D)
12 creatures vanquished.

Notes
Turn   | Place    | Note
-------+----------+-------------------------------------------
     0 | D        | Faca the Centaur Hunter began the quest for the Orb.
     0 | D        | Reached XP level 1. HP: 17/17 MP: 1/1
     7 | D        | Reached skill level 6 in Bows
   256 | D        | Reached skill level 7 in Bows
   262 | D        | Reached XP level 2. HP: 18/24 MP: 2/2
   266 | D        | Reached skill level 8 in Bows
   274 | D        | Reached skill level 9 in Bows
   504 | D        | Found a roughly hewn altar of Beogh.
   504 | D        | Found a snail-covered altar of Cheibriados.
   504 | D        | Found a shadowy altar of Dithmenos.
   504 | D        | Found a white marble altar of Elyvilon.
   504 | D        | Found a blossoming altar of Fedhas.
   504 | D        | Found an opulent altar of Gozag.
   505 | D        | Found a hazy altar of Hepliaklqana.
   506 | D        | Found a viscous altar of Jiyva.
   507 | D        | Found an ancient bone altar of Kikubaaqudgha.
   508 | D        | Found a corrupted altar of Lugonu.
   509 | D        | Found a burning altar of Makhleb.
   510 | D        | Found a sparkling altar of Nemelex Xobeh.
   511 | D        | Found an iron altar of Okawaru.
   512 | D        | Found a stormy altar of Qazlal.
   513 | D        | Found a sacrificial altar of Ru.
   514 | D        | Found a shimmering blue altar of Sif Muna.
   515 | D        | Found a bloodstained altar of Trog.
   516 | D        | Found a hide-covered altar of Uskayaw.
   517 | D        | Found a radiant altar of Vehumet.
   518 | D        | Found an ornate altar of the Wu Jian Council.
   519 | D        | Found a shimmering altar of Xom.
   520 | D        | Found a basalt altar of Yredelemnul.
   521 | D        | Found a glowing silver altar of Zin.
   522 | D        | Found a glowing golden altar of the Shining One.
   531 | D        | Became a worshipper of Warmaster Okawaru
   573 | D        | Noticed a troll
   573 | D        | Noticed a howler monkey
   584 | D        | Killed a howler monkey
   584 | D        | Reached skill level 11 in Bows
   584 | D        | Reached XP level 3. HP: 13/29 MP: 3/3
   601 | D        | Slain by a troll

Levels and vault maps discovered:
D:        linesprint [early_d, line_temple, items_1, d_10, items_2, lair_1,
          lair_end, items_3, orc_1, orc_end, items_4, d_15, swamp_1, shoals_1,
          snake_1, spider_1, d_20, vaults_1, items_5, swamp_end, shoals_end,
          snake_end, spider_end, vaults_end, d_27, items_6, zot_1, zot_end,
          crypt_end, forest_end, elf_end, slime_end, tomb_end, abyss_end,
          pan_hell_end]

Skill      XL: |  1  2 |
---------------+-------+-----
Bows           | 7 11 | 11.2
Fighting       | |  2.0
Dodging        | |  1.3
Stealth        | |  0.4

Action                   || total
-------------------------++-------
Melee: Dagger            ||    25
       Short sword       ||     7
       Kick              ||     8
       Halberd           ||    11
 Fire: Shortbow          ||     5
Armor: Leather armour    ||    14
Dodge: Dodged            ||    26

Table legend:
 A = Non-vault XP
 B = Vault XP
 C = Vault XP percentage of total XP
 D = Non-vault monster count
 E = Vault monster count
 F = Vault count percentage of total count
                 A         B        C        D         E       F
            +---------+---------+-------+---------+---------+-------
      Total |       0 |      94 | 100.0 |       0 |      12 | 100.0
            +---------+---------+-------+---------+---------+-------
          D |       0 |      94 | 100.0 |       0 |      12 | 100.0
            +---------+---------+-------+---------+---------+-------
